 Dungeon Crawl Stone Soup version 0.19.0-22-gd96e5fe (webtiles) character file.

1422 qqqbard the Cleaver (level 8, -2/71 HPs)
             Began as a Hill Orc Monk on Nov 18, 2016.
             Slain by Prince Ribbit (10 damage)
             ... on level 5 of the Dungeon.
             The game lasted 00:08:06 (4333 turns).

qqqbard the Cleaver (Hill Orc Monk)                 Turns: 4333, Time: 00:08:07

Health: -2/71      AC: 18    Str: 16    XL:     8   Next: 72%
Magic:  8/8        EV:  8    Int: 10    God:
Gold:   304        SH:  0    Dex: 13    Spells: 0 memorised, 7 levels left

rFire  . . .     SeeInvis .     j - +2 hand axe (flame)
rCold  . . .     Gourm    .     y - +4 chain mail
rNeg   . . .     Faith    .     (no shield)
rPois  .         Spirit   .     F - +0 helmet
rElec  .         Reflect  .     q - +2 cloak
rCorr  .         Harm     .     (no gloves)
MR     .....                    (no boots)
Stlth  ..........               (no amulet)
                                (no ring)
                                (no ring)

@: no status effects
A: no striking features
a: no special abilities


You were on level 5 of the Dungeon.
You were not hungry.

You visited 1 branch of the dungeon, and saw 5 of its levels.

You collected 304 gold pieces.

Inventory:

Hand Weapons
 a - a +0 hand axe
 j - a +2 hand axe of flaming (weapon)
Armour
 q - a +2 cloak (worn)
 y - a +4 chain mail (worn)
 F - a +0 helmet (worn)
Jewellery
 e - an uncursed ring of ice {unknown}
 u - an uncursed amulet of regeneration {unknown}
Wands
 D - a wand of digging (16/24)
 E - a wand of random effects (28/48)
 I - a wand of lightning (6/15)
Scrolls
 h - a scroll of noise {unknown}
 i - a scroll of enchant weapon {unknown}
 m - 3 scrolls of fear {unknown}
 p - a scroll of magic mapping {unknown}
 s - a scroll of identify {unknown}
 t - a scroll of fog {unknown}
 w - 6 scrolls of remove curse {unknown}
 x - a scroll of teleportation {unknown}
 z - 2 scrolls of amnesia {unknown}
 G - a scroll of blinking {unknown}
Potions
 b - a potion of mutation {unknown}
 d - 2 potions of berserk rage {unknown}
 f - 2 potions of flight {unknown}
 g - 2 potions of degeneration {unknown}
 l - 3 potions of lignification {unknown}
 o - a potion of ambrosia {unknown}
 v - a potion of might {unknown}
 A - a potion of cure mutation {unknown}
 C - 2 potions of curing {unknown}
 H - a potion of invisibility {unknown}
Comestibles
 c - 5 bread rations
 k - a beef jerky
 n - 2 meat rations
 r - 3 fruits
 B - 3 slices of pizza


   Skills:
 + Level 6.5 Fighting
 * Level 9.7 Axes
 + Level 4.7 Armour
 + Level 4.5 Dodging
 - Level 1.6 Stealth


You had 7 spell levels left.
You didn't know any spells.

Dungeon Overview and Level Annotations

Branches:
Dungeon (5/15)
 Temple: D:4-7

Altars:
Gozag
Sif Muna

Annotations:
D:5 Prince Ribbit


Message History

You feel sick.
You see here a jackal corpse.
You butcher the jackal corpse.
J - a chunk of flesh You feel sick.
You start resting.
Eating a chunk of flesh.
You start eating the chunk of flesh.
This raw flesh tastes terrible.
You feel sick. x2
You are no longer poisoned.
Prince Ribbit comes into view.
Prince Ribbit croaks.
Prince Ribbit is nearby!
You are too injured to fight recklessly!
You are too injured to fight recklessly!
You see here a beef jerky.
You closely miss Prince Ribbit. Prince Ribbit hits you!
* * * LOW HITPOINT WARNING * * *
Prince Ribbit hits you!
You die...

#########
#.......#
#.#####.#########
##.## #.........#
#.@.# #########.#
#..F....# #.#
#....##.# #.#
....... .. #.#
###....## .. #.#
### #.#.## #
#.###.## ...
#.#.# #.#.....
#.# #.#.# #.
#.#.#.#. #.# #.
#.#...#.


You could see Prince Ribbit.

Vanquished Creatures
  The ghost of lastplaneout the Grappler, a novice TrMo of Ru (D:5)
  A wraith (D:5)
  Menkaure (D:5)
  An ice beast (D:5)
  An ogre (D:5)
  Blork the orc (D:5)
  A crimson imp (D:5)
  Crazy Yiuf (D:3)
  2 bullfrog skeletons (D:5)
  An orc wizard (D:3)
  Jessica (D:2)
  Natasha (thrice) (D:3)
  A worker ant (D:4)
  Robin (D:3)
  17 adders
  An ooze (D:5)
  An adder skeleton (D:4)
  3 worms
  4 dart slugs (D:2)
  2 leopard geckos (D:2)
  3 orcs
  9 bats
  2 giant cockroaches
  15 hobgoblins
  9 jackals
  8 kobolds
  A quokka (D:3)
  A ball python (D:2)
  5 frilled lizards
  16 goblins
  9 rats
  6 plants (D:3)
129 creatures vanquished.

Notes
Turn   | Place    | Note
-------+----------+-------------------------------------------
     0 | D:1      | qqqbard the Hill Orc Monk began the quest for the Orb.
     0 | D:1      | Reached XP level 1. HP: 19/19 MP: 1/1
    50 | D:1      | Reached XP level 2. HP: 19/27 MP: 2/2
   903 | D:2      | Reached XP level 3. HP: 33/33 MP: 3/3
   977 | D:2      | Reached skill level 5 in Axes
  1016 | D:2      | Reached XP level 4. HP: 37/40 MP: 4/4
  1379 | D:2      | Noticed Jessica
  1392 | D:2      | Killed Jessica
  1392 | D:2      | Reached skill level 6 in Axes
  1392 | D:2      | Reached skill level 1 in Armour
  1392 | D:2      | Reached XP level 5. HP: 39/47 MP: 5/5
  2090 | D:3      | Reached XP level 6. HP: 44/53 MP: 6/6
  2113 | D:3      | Found a deep blue altar of Sif Muna.
  2114 | D:3      | Noticed Natasha
  2117 | D:3      | Killed Natasha
  2218 | D:3      | Noticed Natasha
  2229 | D:3      | Killed Natasha
  2295 | D:3      | Noticed Robin
  2318 | D:3      | Killed Robin
  2472 | D:3      | Noticed Natasha
  2491 | D:3      | Killed Natasha
  2491 | D:3      | Reached skill level 7 in Axes
  2590 | D:3      | Found a runed door.
  2594 | D:3      | Noticed Crazy Yiuf
  2616 | D:3      | Killed Crazy Yiuf
  3318 | D:4      | Found an opulent altar of Gozag.
  3427 | D:4      | Reached skill level 5 in Fighting
  3662 | D:5      | Entered Level 5 of the Dungeon
  3674 | D:5      | Reached XP level 7. HP: 61/61 MP: 7/7
  3719 | D:5      | Noticed Blork the orc
  3734 | D:5      | Killed Blork the orc
  3734 | D:5      | Reached skill level 8 in Axes
  3961 | D:5      | Noticed a wraith
  4006 | D:5      | Killed a wraith
  4006 | D:5      | Reached XP level 8. HP: 48/70 MP: 8/8
  4050 | D:5      | Noticed Menkaure
  4059 | D:5      | Killed Menkaure
  4063 | D:5      | Reached skill level 9 in Axes
  4078 | D:5      | Noticed lastplaneout's ghost (novice TrMo)
  4116 | D:5      | Killed lastplaneout's ghost
  4330 | D:5      | Noticed Prince Ribbit
  4333 | D:5      | Slain by Prince Ribbit

Skill      XL: |  1  2  3  4  5  6  7  8 |
---------------+-------------------------+-----
Fighting       | 4 5 6 |  6.5
Axes           | 5 6 7 8 9 |  9.7
Armour         | 1 2 3 4 |  4.7
Dodging        | 3 4 |  4.5
Stealth        | |  1.6

Action                   |  1- 3 |  4- 6 |  7- 9 || total
-------------------------+-------+-------+-------++-------
Melee: Hand axe          |    78 |   338 |   135 ||   551
  Use: Potion            |       |       |     2 ||     2
 Stab: Sleeping          |     1 |       |       ||     1
  Eat: Chunk             |       |     9 |     3 ||    12
Armor: Robe              |    10 |       |       ||    10
       Ring mail         |    12 |     5 |       ||    17
       Chain mail        |       |   120 |    62 ||   182
Dodge: Dodged            |    59 |    93 |    52 ||   204
